 Dungeon Crawl Stone Soup version 0.31.0-11-ge490571c62 (webtiles) character file.

Game seed: 9877695747054114122

161 hawla the Chopper (level 5, 0/45 HPs)
             Began as a Minotaur Fighter on Feb 4, 2024.
             Succumbed to a gnoll's poison
             ... on level 3 of the Dungeon.
             The game lasted 00:03:31 (1676 turns).

hawla the Chopper (Minotaur Fighter)                Turns: 1676, Time: 00:03:31

Health: 0/45       AC:  8    Str: 22    XL:     5   Next: 18%
Magic:  4/4        EV:  9    Int:  5    God:
Gold:   122        SH:  5    Dex: 10    Spells: 4/4 levels left

rFire   . . .        a - +0 war axe (freeze)
rCold   . . .        c - +1 buckler
rNeg    . . .        b - +0 scale mail
rPois   .            (helmet restricted)
rElec   .            (no cloak)
rCorr   .            (no gloves)
SInv    .            l - +0 pair of boots
Will    +....        (no amulet) Stlth
                     (no ring)
HPRegen 0.27/turn    (no ring)
MPRegen 0.09/turn

%: no passive effects
@: lethally poisoned (0 -> -3), enlightened, flying
A: horns 2, retaliatory headbutt
a: no special abilities


You were on level 3 of the Dungeon.
You visited 1 branch of the dungeon, and saw 3 of its levels.

You collected 122 gold pieces.

Inventory:

Hand Weapons
 a - a +0 war axe of freezing (weapon)
Missiles
 j - 5 poisoned darts (quivered)
Armour
 b - a +0 scale mail (worn)
 c - a +1 buckler (worn)
 l - a +0 pair of boots (worn)
Jewellery
 f - a ring of magical power
 g - a +4 ring of protection
Scrolls
 m - a scroll of teleportation
 n - a scroll of identify
Potions
 d - a potion of might
 h - a potion of haste
 i - 2 potions of attraction


   Skills:
 - Level 3.6 Fighting
 + Level 6.6 Axes
 - Level 3.6 Armour
 - Level 3.6 Shields


You had 4 spell levels left.
You didn't know any spells.
Your spell library contained the following spells:

 Spells                   Type           Power      Damage    Failure   Level
 Sandblast                Erth           0%         2d4       86%         1
 Slow                     Hex            0%         N/A       86%         1
 Cigotuvi's Dreadful Rot  Necr/Alch/Air  0%         N/A       95%         2
 Mercury Vapours          Alch/Air       0%         N/A       95%         2
 Confusing Touch          Hex            0%         N/A       99%         3
 Gell's Gravitas          Tloc           0%         N/A       99%         3
 Mephitic Cloud           Conj/Alch/Air  0%         N/A       99%         3
 Sigil of Binding         Hex            0%         N/A       99%         3
 Teleport Other           Tloc           0%         N/A       99%         3
 Vampiric Draining        Necr           0%         2d6       99%         3
 Dispel Undead            Necr           0%         3d6       100%        4
 Martyr's Knell           Necr/Summ      0%         N/A       100%        4
 Freezing Cloud           Conj/Ice/Air   0%         6-21      100%        5
 Death Channel            Necr           0%         N/A       100%        6
 Dispersal                Tloc           0%         N/A       100%        6


Dungeon Overview and Level Annotations

Branches:
Dungeon (3/15)

Altars:

Annotations:
D:3 1 runed translucent door, Bobbunny's ghost, amateur MiFi; Grinder


Innate Abilities, Weirdness & Mutations

You have a pair of horns on your head.
You reflexively headbutt those who attack you in melee.


Message History

You hit Grinder.
Grinder blinks!
The gnoll hits you from afar with a +2 spear of venom.
* * * LOW HITPOINT WARNING * * *
You are lethally poisoned!
The gnoll hits you from afar with a +0 spear.
* * * LOW HITPOINT WARNING * * *
The gnoll hits you from afar with a +0 spear.
* * * LOW HITPOINT WARNING * * *
The gnoll hits you from afar with a +2 spear of venom.
* * * LOW HITPOINT WARNING * * *
You are more poisoned.
The kobold hits you but does no damage.
You have reached level 5!
It was a potion of heal wounds.
You feel much better.
Your surroundings suddenly seem different.
Found 11 gold pieces.
Found an escape hatch in the floor.
You feel very sick.
There is a lethal amount of poison in your body!
It was a potion of enlightenment.
You feel very buoyant.
You fly up into the air.
* * * LOW HITPOINT WARNING * * *
You feel very sick.
Okay, then.
Found a stone staircase leading up.
Your attacks no longer feel as feeble.
* * * LOW HITPOINT WARNING * * *
You feel very sick.
* * * LOW HITPOINT WARNING * * *
You feel very sick.
You see here 11 gold pieces.
* * * LOW HITPOINT WARNING * * *
You feel sick.
* * * LOW HITPOINT WARNING * * *
You feel sick.
* * * LOW HITPOINT WARNING * * *
You feel sick.
* * * LOW HITPOINT WARNING * * *
You feel sick.
You die...

##
#>.........###.
.#
#............
..# #........##
#.# #....$...#
g... #........#
....ยง
#####.####
...... #..#
...... ##.#
...... #@#
.##... #<.#
##.# .. ...
.... .....
......


There were no monsters in sight!

Vanquished Creatures
  An orc priest (D:3)
  A gnoll bouda (D:3)
  Jessica (D:3)
  A gnoll (D:3)
  2 adders (D:2)
  3 ribbon worms
  A dart slug (D:3)
  4 orcs (D:3)
  2 endoplasms
  3 goblins
  5 hobgoblins
  3 quokkas
  3 ball pythons
  2 bats
  2 frilled lizards
  2 kobolds (D:1)
  2 rats
38 creatures vanquished.

Notes
Turn   | Place    | Note
-------+----------+-------------------------------------------
     0 | D:1      | hawla the Minotaur Fighter began the quest for the Orb.
     0 | D:1      | Reached XP level 1. HP: 19/19 MP: 0/0
    95 | D:1      | Reached skill level 3 in Axes
   138 | D:1      | Reached XP level 2. HP: 19/26 MP: 1/1
   594 | D:2      | Reached skill level 4 in Axes
   803 | D:2      | Reached XP level 3. HP: 28/31 MP: 2/2
   837 | D:2      | Found a faded altar of an unknown god.
   847 | D:2      | Got Plato's Writings on the Gargoyle
  1256 | D:3      | Noticed Bobbunny's ghost (amateur MiFi)
  1257 | D:3      | Found a runed translucent door.
  1343 | D:3      | Reached skill level 5 in Axes
  1343 | D:3      | Reached XP level 4. HP: 28/39 MP: 3/3
  1655 | D:3      | Noticed Jessica
  1656 | D:3      | Noticed Grinder
  1661 | D:3      | Killed Jessica
  1662 | D:3      | Reached skill level 6 in Axes
  1667 | D:3      | HP: 1/39 [gnoll/+2 spear of venom[a gnoll bouda] (1)]
  1668 | D:3      | Reached XP level 5. HP: 1/45 MP: 4/4
  1673 | D:3      | HP: 2/45 [poisoned by a gnoll]
  1676 | D:3      | Succumbed to a gnoll's poison

Illustrated notes

Levels and vault maps discovered:
D:1:      heliophobic_arrival_enchanted_forest, layout_rooms
D:2:      layout_loops_ring, shapermc_ecumenical_altar_rom_forum,
          grunt_decor_one_mirror
D:3:      layout_rooms, gammafunk_ghost_grave, serial_glass, glass_columns_b,
          glass_columns_a, dk_vineyard_2, grunt_ministairs_4,
          minmay_stone_trees_medium, uniq_crazy_yiuf_cottage, uniq_grinder,
          uniq_jessica

Skill      XL: |  1  2  3  4 |
---------------+-------------+-----
Axes           | 3 4 5 6 |  6.6
Fighting       | |  3.6
Armour         | |  3.6
Shields        | |  3.6

Action                     |  1- 3 |  4- 6 || total
---------------------------+-------+-------++-------
  Melee: War axe           |    60 |    27 ||    87
         Headbutt          |     9 |     2 ||    11
    Use: Scroll            |     6 |     1 ||     7
         Potion            |       |     3 ||     3
 Armour: Scale mail        |    32 |    21 ||    53
  Dodge: Dodged            |    24 |    13 ||    37
  Block: Buckler           |    20 |    10 ||    30
